 Dungeon Crawl Stone Soup version 0.30-a0-219-gf2db51d15e (webtiles) character file.

Game seed: 7336049517379508601

25 Flugkiller the Shooter (level 2, 0/21 HPs)
             Began as a Mummy Hexslinger on Oct 7, 2022.
             Was a Believer of Qazlal.
             Slain by an adder (4 damage)
             ... on level 1 of the Dungeon.
             The game lasted 00:00:46 (1085 turns).

Flugkiller the Shooter (Mummy Hexslinger)           Turns: 1085, Time: 00:00:47

Health: 0/21       AC:  2    Str: 13    XL:     2   Next: 86%
Magic:  4/4        EV: 12    Int: 12    God:    Qazlal [**....]
Gold:   62         SH:  2    Dex: 12    Spells: 2/3 levels left

rFire   x . .      SeeInvis .    a - +1 sling
rCold   + . .      Faith    +    (no shield)
rNeg    + + +      Spirit   .    c - +0 robe
rPois   ∞          Reflect  .    (no helmet)
rElec   .          Harm     .    (no cloak)
rCorr   .          Rampage  .    (no gloves)
Will    .....                    (no boots)
Stlth   +.........               (no amulet)
HPRegen 0.23/turn                (no ring)
MPRegen 0.09/turn                (no ring)

@: no status effects
A: cold resistance 1, negative energy resistance 3, torment resistance 2, heat
vulnerability 1, no potions, faith
a: Renounce Religion, Upheaval


You were on level 1 of the Dungeon.
You worshipped Qazlal.
Qazlal was pleased with you.
You visited 1 branch of the dungeon, and saw 2 of its levels.

You collected 62 gold pieces.

Inventory:

Hand Weapons
 a - a +1 sling (weapon)
Armour
 c - a +0 robe (worn)
Scrolls
 b - a scroll of poison
 d - a scroll of identify {unknown}


   Skills:
 - Level 1.0 Fighting
 + Level 2.8 Ranged Weapons
 - Level 1.5 Dodging
 - Level 1.3 Spellcasting
 - Level 2.6 Hexes


You had 2 spell levels left.
You knew the following spells:

 Your Spells              Type           Power      Damage    Failure   Level
a - Slow                  Hex            28%        N/A       10%         1

Your spell library contained the following spells:

 Spells                   Type           Power      Damage    Failure   Level
 Freeze                   Ice            0%         1d3       28%         1
 Tukima's Dance           Hex            7%         N/A       28%         3
 Inner Flame              Hex/Fire       4%         N/A       45%         3
 Portal Projectile        Hex/Tloc       8%         N/A       45%         3
 Frozen Ramparts          Ice            0%         1d1       65%         3
 Hailstorm                Conj/Ice       0%         3d3       65%         3
 Cause Fear               Hex            3%         N/A       67%         4
 Passage of Golubria      Tloc           0%         N/A       96%         4
 Silence                  Hex/Air        2%         N/A       99%         5
 Lehudib's Crystal Spear  Conj/Erth      0%         10d2      100%        8
 Blade Hands              Tmut           Unusable   N/A       N/A         5

Dungeon Overview and Level Annotations

Branches:
Dungeon (2/15) Zot: 10891

Altars:
Qazlal


Innate Abilities, Weirdness & Mutations

You are immune to poison.
Your flesh is cold resistant. (rC+)
You are immune to negative energy. (rN+++)
You are immune to unholy pain and torment.
You are vulnerable to heat. (rF-)
You do not drink.
You have a special connection with the divine. (Faith)


Message History

The frilled lizard barely misses you. x2
Fire: a) +1 sling
Press: ? - help, Q - select action, (/) - cycle Shift-Dir - straight line, f/p - hobgoblin
Aim: a hobgoblin (severely wounded, 56% to hit)
You shoot a sling bullet.
The sling bullet hits the frilled lizard.
You kill the frilled lizard!
Qazlal accepts your kill.
Fire: a) +1 sling
Press: ? - help, Q - select action, (/) - cycle Shift-Dir - straight line, f/p - hobgoblin
Aim: a hobgoblin (severely wounded, 56% to hit)
You shoot a sling bullet.
The sling bullet closely misses the hobgoblin.
The hobgoblin hits you.
* * * LOW HITPOINT WARNING * * *
Fire: a) +1 sling
Press: ? - help, Q - select action, (/) - cycle Shift-Dir - straight line, f/p - hobgoblin
Aim: a hobgoblin (severely wounded, 56% to hit)
You shoot a sling bullet. The sling bullet hits the hobgoblin.
You kill the hobgoblin!
Qazlal accepts your kill.
Unknown command.
You start resting.
Magic restored.
You start resting.
HP restored.
Things that are here:
a hobgoblin corpse; a frilled lizard corpse
There is a stone staircase leading down here.
There is a stone staircase leading down here.
You climb downwards.
The adder bites you but does no damage. The adder bites you.
There is a stone staircase leading up here.
There are monsters nearby!
You shoot a sling bullet.
The sling bullet barely misses the adder.
The adder closely misses you.
You shoot a sling bullet.
The sling bullet barely misses the adder.
The adder barely misses you. x2
You shoot a sling bullet. The sling bullet hits the adder.
The adder is heavily wounded.
The adder bites you. The adder barely misses you. The adder bites you.
You climb upwards.
There is a stone staircase leading down here.
You shoot a sling bullet. The sling bullet misses the adder.
The adder closely misses you. The worm bites you but does no damage.
You shoot a sling bullet.
The sling bullet closely misses the adder.
The adder misses you. The worm bites you! The adder bites you.
You are too injured to fight recklessly!
You are too injured to fight recklessly!
You are too injured to fight recklessly!
You are too injured to fight recklessly!
You are too injured to fight recklessly!
You are too injured to fight recklessly!
You are too injured to fight recklessly!
The adder barely misses you. The adder attacks as you move away!
The adder barely misses you. The adder attacks as you move away!
The adder misses you. The adder attacks as you move away!
The adder closely misses you. x2
The adder closely misses you. The adder attacks as you move away!
The adder bites you. x2
* * * LOW HITPOINT WARNING * * *
The adder attacks as you move away! The adder closely misses you.
You are too injured to fight recklessly!
You are too injured to fight recklessly!
Fire: a) +1 sling
Press: ? - help, Q - select action, (/) - cycle Shift-Dir - straight line, f/p - adder
Aim: an adder (heavily wounded, 35% to hit)
You shoot a sling bullet. The sling bullet hits the adder.
The adder is severely wounded.
The adder bites you but does no damage. The adder bites you.
* * * LOW HITPOINT WARNING * * *
Fire: a) +1 sling
Press: ? - help, Q - select action, (/) - cycle Shift-Dir - straight line, f/p - adder
Aim: an adder (severely wounded, 35% to hit)
You shoot a sling bullet. The sling bullet misses the adder.
The sling bullet hits the worm.
The worm is lightly wounded.
The adder barely misses you. x2
Fire: a) +1 sling
Press: ? - help, Q - select action, (/) - cycle Shift-Dir - straight line, f/p - adder
Aim: an adder (severely wounded, 35% to hit)
You shoot a sling bullet.
The sling bullet closely misses the adder.
The sling bullet hits the worm!
The worm is moderately wounded.
The adder bites you.
* * * LOW HITPOINT WARNING * * *
Fire: a) +1 sling
Press: ? - help, Q - select action, (/) - cycle Shift-Dir - straight line, f/p - adder
Aim: an adder (severely wounded, 35% to hit)
You shoot a sling bullet.
The sling bullet closely misses the adder.
The sling bullet hits the worm.
The worm is heavily wounded.
The adder misses you. The adder bites you.
You die...

##########.....#.####.#..#...#...
...............'....#.##.#...#...
##########.....#.##.#............
######## #######.##.#.##.#...#...
.......# #w##.#....#...#...
######.# #.##.#.####...#... # #.#
#.##.#.# #...#.). # #.# #S##.#.#
#...##.# ### #.#
#@##.#.####....... ..####.##
#.##.#..........). #.......#
#.##.#.####..##.##
################.##.#.# #..##...
....................#.####.......
################............#####
######.#####)# ### #.# ###


You could see a worm and an adder.

Vanquished Creatures
  2 endoplasms (D:1)
  3 giant cockroaches
  2 goblins (D:1)
  2 hobgoblins (D:1)
  2 jackals (D:1)
  A quokka (D:1)
  2 ball pythons (D:1)
  3 bats (D:1)
  3 frilled lizards (D:1)
  4 kobolds (D:1)
24 creatures vanquished.

Notes
Turn   | Place    | Note
-------+----------+-------------------------------------------
     0 | D:1      | Flugkiller the Mummy Hexslinger began the quest for the
                  | Orb.
     0 | D:1      | Reached XP level 1. HP: 15/15 MP: 2/2
    44 | D:1      | Found a faded altar of an unknown god.
    57 | D:1      | Prayed at the altar of an unknown god.
    57 | D:1      | Became a worshipper of Qazlal Stormbringer
    57 | D:1      | Reached * piety under Qazlal
   246 | D:1      | Reached XP level 2. HP: 21/21 MP: 4/4
   625 | D:1      | Reached ** piety under Qazlal
  1085 | D:1      | Slain by an adder

Illustrated notes

Levels and vault maps discovered:
D:1:      nzn_arrival_depleted_hourglass, layout_basic,
          dreamdust_ecumenical_altar_statues, corexii_leaking_fountain
D:2:      layout_rooms

Skill      XL: |  1 |
---------------+----+-----
Ranged Weapons | 2 |  2.8
Fighting       | |  1.0
Dodging        | |  1.5
Spellcasting   | |  1.3
Hexes          | |  2.6

Action                   || total
-------------------------++-------
 Fire: Sling             ||    70
 Cast: Slow              ||     3
Armor: Robe              ||     8
Dodge: Dodged            ||    46
Block: Other             ||     1

Table legend: (Time is in decaauts)
 A = Elapsed time spent in this place.
 B = Non-inter-level travel time spent in this place.
 C = Inter-level travel time spent in this place.
 D = Time resting spent in this place.
 E = Time spent auto-exploring this place.
 F = Levels seen in this place.
 G = Mean time per level.
                   A        B        C        D        E       F      G
               +--------+--------+--------+--------+--------+-----+--------+
         Total |   1107 |   1028 |     79 |     68 |    791 |   2 |  553.5 |
       Dungeon |   1107 |   1028 |     79 |     68 |    791 |   2 |  553.5 |
               +--------+--------+--------+--------+--------+-----+--------+

Top non-repeatable levels by time:
     D:1: 1091 daAuts
     D:2: 15 daAuts
